 Dungeon Crawl Stone Soup version 0.32-a0-913-g739538afd8 (webtiles) character file.

Game seed: 13123285479025668840

352 Ruich the Trooper (level 6, 0/48 HPs)
             Began as a Demonspawn Fighter on Apr 10, 2024.
             Was an Initiate of Fedhas.
             Slain by an iguana (8 damage)
             ... on level 4 of the Dungeon.
             The game lasted 00:04:52 (2881 turns).

Ruich the Trooper (Demonspawn Fighter)              Turns: 2881, Time: 00:04:54

Health: 0/48       AC: 11    Str: 19    XL:     6   Next: 34%
Magic:  7/7        EV:  6    Int: 12    God:    Fedhas [......]
Gold:   170        SH:  4    Dex: 12    Spells: 5/7 levels left

rFire   . . .        a - +0 war axe
rCold   . . .        c - +0 buckler
rNeg    . . .        o - +0 chain mail
rPois   .            i - +0 helmet
rElec   .            j - +0 cloak
rCorr   .            (no gloves)
SInv    .            (no boots)
Will    .....        (no amulet) Stlth
                     (no ring)
HPRegen 0.28/turn    (no ring)
MPRegen 0.10/turn

%: no passive effects
@: no status effects
A: hooves 2, big brain 2
a: Renounce Religion


You were on level 4 of the Dungeon.
You worshipped Fedhas.
Fedhas was noncommittal.
You visited 1 branch of the dungeon, and saw 4 of its levels.

You collected 170 gold pieces.


Innate Abilities, Weirdness & Mutations

You have hoof-like feet.
You have an extremely huge brain. (Int +4)


   Skills:
 + Level 4.0 Fighting
 * Level 3.8 Axes
 + Level 3.6 Armour
 + Level 3.6 Shields
 + Level 1.1 Spellcasting
 + Level 1.2 Translocations
 * Level 0.5 Invocations


You had 5 spell levels left.
You knew the following spells:

 Your Spells              Type           Power      Damage    Failure   Level
B - Blink                 Tloc           6%         N/A       95%         2

Your spell library contained the following spells:

 Spells                   Type           Power      Damage    Failure   Level
 Magic Dart               Conj           0%         1d3       97%         1
 Call Imp                 Summ           0%         N/A       99%         2

Inventory:

Hand Weapons
 a - a +0 war axe (weapon)
Armour
 c - a +0 buckler (worn)
 i - a +0 helmet (worn)
 j - a +0 cloak (worn)
 o - a +0 chain mail (worn)
Magical Staves
 v - a staff of cold {!a}
Wands
 w - a wand of roots (6)
Scrolls
 f - 4 scrolls of teleportation {unknown}
 g - 2 scrolls of enchant weapon {unknown}
 k - 6 scrolls of identify {unknown}
 m - 2 scrolls of fog {unknown}
 p - a scroll of brand weapon {unknown}
 u - a scroll of summoning {unknown}
Potions
 b - a potion of cancellation {unknown}
 d - 2 potions of might
 e - 4 potions of heal wounds {unknown}
 h - a potion of degeneration {unknown}
 l - 2 potions of lignification {unknown}
 n - a potion of attraction {unknown}
 q - a potion of magic {unknown}
 r - 2 potions of curing {unknown}
 s - a potion of enlightenment {unknown}
 t - 3 potions of berserk rage {unknown}

Dungeon Overview and Level Annotations

Branches:
Dungeon (4/15) Zot: 21040
 Temple: D:4-7

Altars:
Cheibriados
Fedhas
Yredelemnul

Annotations:
D:2 1 runed translucent door, Crazy Yiuf

.....##.# #.#
......#.# #.#
......#.# #.#
......#.#######.#
####..#.#.......#
# #.##.#.#####.#
# ..... #.# # ###
#.###.#######. #
#....l@..$.... #
#.....###..... #
.. #.###.# #.. #
.## # ##. # ... #
##.# ...# ...#
..##


You could see an iguana.


Message History

The iguana is severely wounded.
You hit the iguana.
The iguana bites you but does no damage.
The iguana closely misses you.
You slash the iguana!
You kill the iguana!
Fedhas appreciates your contribution to the ecosystem.
You hit the iguana. The iguana bites you! The iguana bites you.
* * * LOW HITPOINT WARNING * * *
Your Fighting skill increases to level 4!
You are too injured to fight recklessly!
You are too injured to fight recklessly!
Unknown command.
You are too injured to fight recklessly!
You are too injured to fight recklessly!
You are too injured to fight recklessly!
You hit the iguana. You kick the iguana, but do no damage.
The iguana is severely wounded.
You block the iguana's attack.
You hit the iguana but do no damage. You kick the iguana, but do no damage.
The iguana is severely wounded.
The iguana bites you!
* * * LOW HITPOINT WARNING * * *
You barely miss the iguana. Your kick misses the iguana.
The iguana is severely wounded.
The iguana bites you.
* * * LOW HITPOINT WARNING * * *
The iguana bites you!
You die...
Fedhas appreciates your contribution to the ecosystem.

Skill      XL: |  1  2  3  4  5  6 |
---------------+-------------------+-----
Axes           | 2 3 |  3.8
Shields        | 3 |  3.6
Armour         | 3 |  3.6
Spellcasting   | 1 |  1.1
Translocations | 1 |  1.2
Fighting       | 4 |  4.0
Invocations    | |  0.5

Action                     |  1- 3 |  4- 6 || total
---------------------------+-------+-------++-------
  Melee: War axe           |    76 |   127 ||   203
         Kick              |     6 |    38 ||    44
 Armour: Scale mail        |    69 |    12 ||    81
         Chain mail        |       |   101 ||   101
  Dodge: Dodged            |    39 |    57 ||    96
  Block: Buckler           |    20 |    34 ||    54

Levels and vault maps discovered:
D:1:      minmay_arrival_plants_in_alcoves, layout_loops_corners,
          minmay_tree_intersection
D:2:      layout_basic, chequers_hall_statues_corner_a, minmay_pentomino_t2,
          uniq_crazy_yiuf_cottage
D:3:      layout_basic, mainiacjoe_overflow_brackets,
          nicolae_overflow_two_pavilions, uniq_sigmund
D:4:      layout_basic, lemuel_round_altar, nicolae_uskayaw_suspiria,
          mainiacjoe_overflow_small_starburst, minmay_temple_entry_mini_moons,
          minmay_liquid_box, minmay_pentomino_pile

Notes
Turn   | Place    | Note
-------+----------+-------------------------------------------
     0 | D:1      | Ruich the Demonspawn Fighter began the quest for the Orb.
     0 | D:1      | Reached XP level 1. HP: 18/18 MP: 1/1
   143 | D:1      | Reached skill level 2 in Axes
   252 | D:1      | Gained mutation: You have large cloven feet. [demonic
                  | ancestry]
   252 | D:1      | Reached XP level 2. HP: 22/24 MP: 2/2
   875 | D:2      | Reached skill level 3 in Shields
   875 | D:2      | Gained mutation: You have an unusually large brain. (Int
                  | +2) [demonic ancestry]
   875 | D:2      | Reached XP level 3. HP: 29/29 MP: 3/3
   879 | D:2      | Reached skill level 3 in Armour
   991 | D:2      | Found a runed translucent door.
   992 | D:2      | Noticed Crazy Yiuf
  1092 | D:2      | Gained mutation: You have an extremely huge brain. (Int +4)
                  | [demonic ancestry]
  1092 | D:2      | Reached XP level 4. HP: 33/35 MP: 4/4
  1411 | D:2      | Reached skill level 3 in Axes
  1791 | D:3      | Learned a level 2 spell: Blink
  1802 | D:3      | Reached XP level 5. HP: 42/42 MP: 5/5
  1933 | D:3      | Found a snail-covered altar of Cheibriados.
  1933 | D:3      | Found a basalt altar of Yredelemnul.
  2034 | D:3      | Noticed Sigmund
  2082 | D:3      | Found a blossoming altar of Fedhas.
  2150 | D:3      | Killed Sigmund
  2151 | D:3      | Reached skill level 1 in Spellcasting
  2151 | D:3      | Reached skill level 1 in Translocations
  2151 | D:3      | Gained mutation: You have hoof-like feet. [demonic
                  | ancestry]
  2151 | D:3      | Reached XP level 6. HP: 19/48 MP: 5/7
  2355 | D:3      | Became a worshipper of Fedhas Madash
  2879 | D:4      | Reached skill level 4 in Fighting
  2881 | D:4      | Slain by an iguana

Vanquished Creatures
  Sigmund (D:3)
  An iguana (D:4)
  10 adders
  A dart slug (D:3)
  3 ribbon worms
  5 orcs (D:3)
  3 endoplasms
  4 giant cockroaches
  9 goblins
  3 hobgoblins (D:2)
  8 jackals
  5 kobolds
  A quokka (D:1)
  8 ball pythons
  3 bats
  6 frilled lizards
  7 rats
78 creatures vanquished.

Table legend: (Time is in decaauts)
 A = Elapsed time spent in this place.
 B = Non-inter-level travel time spent in this place.
 C = Inter-level travel time spent in this place.
 D = Time resting spent in this place.
 E = Time spent auto-exploring this place.
 F = Levels seen in this place.
 G = Mean time per level.
                   A        B        C        D        E       F      G
               +--------+--------+--------+--------+--------+-----+--------+
         Total |   2958 |   2894 |     64 |    419 |   1845 |   4 |  739.5 |
       Dungeon |   2958 |   2894 |     64 |    419 |   1845 |   4 |  739.5 |
               +--------+--------+--------+--------+--------+-----+--------+

Top non-repeatable levels by time:
     D:3: 1110 daAuts
     D:2: 900 daAuts
     D:1: 860 daAuts
     D:4: 87 daAuts

Table legend:
 A = Non-vault XP
 B = Vault XP
 C = Vault XP percentage of total XP
 D = Non-vault monster count
 E = Vault monster count
 F = Vault count percentage of total count
                 A         B        C        D         E       F
            +---------+---------+-------+---------+---------+-------
      Total |     285 |     218 |  43.3 |      75 |       3 |   3.8
            +---------+---------+-------+---------+---------+-------
        D:1 |      35 |       0 |   0.0 |      22 |       0 |   0.0
        D:2 |     116 |       4 |   3.3 |      26 |       2 |   7.1
        D:3 |      94 |     214 |  69.5 |      23 |       1 |   4.2
        D:4 |      40 |       0 |   0.0 |       4 |       0 |   0.0
            +---------+---------+-------+---------+---------+-------
